 Dungeon Crawl Stone Soup version bcrawl-1.19.2-6-g6a88ae04c9 (webtiles) character file.

Game seed: 11673939871262758566

82 Mrkan the Skirmisher (level 4, -10/41 HPs)
             Began as a Minotaur Fighter on Dec 27, 2019.
             Killed by divine providence
             ... invoked by an orc priest
              (15 damage)
             ... on level 3 of the Dungeon.
             The game lasted 00:02:04 (1932 turns).

Mrkan the Skirmisher (Minotaur Fighter)             Turns: 1932, Time: 00:02:05

Health: -10/41     AC:  6    Str: 20    XL:     4   Next: 21%
Magic:  3/3        EV:  7    Int:  5    God:
Gold:   131        SH:  9    Dex: 11    Spells: 3/3 levels left

rFire    . . .     SeeInvis .   a - +0 war axe
rCold    . . .     Gourm    .   c - +0 shield
rNeg     . . .     Faith    .   b - +0 scale mail
rPois    .         Spirit   .   (helmet restricted)
rElec    .         Reflect  .   (no cloak)
rCorr    .         Harm     .   (no gloves)
MR       .....                  (no boots)
Stlth    ..........             (no amulet)
HPRegen  0.13/turn              (no ring)
MPRegen  0.08/turn              (no ring)

@: no status effects
A: retaliatory headbutt, horns 2
a: no special abilities


You were on level 3 of the Dungeon.
You were not hungry.

You visited 1 branch of the dungeon, and saw 3 of its levels.

You collected 131 gold pieces.

Inventory:

Hand Weapons
 a - a +0 war axe (weapon)
Missiles
 h - 82 javelins (quivered)
Armour
 b - a +0 scale mail (worn)
 c - a +0 shield (worn)
Scrolls
 e - 2 scrolls of identify {unknown}
 j - 4 scrolls of remove curse {unknown}
 k - a scroll of fog {unknown}
 m - 2 scrolls of teleportation {unknown}
 o - a scroll of blinking {unknown}
Potions
 d - a potion of might
 i - 3 potions of curing {unknown}
 l - a potion of mutation {unknown}
 n - a potion of degeneration {unknown}
Comestibles
 f - 4 rations {!d}
 g - 2 chunks of flesh


   Skills:
 + Level 4.3 Fighting
 * Level 4.2 Axes
 - Level 3.6 Armour
 + Level 4.3 Shields


You had 3 spell levels left.
You didn't know any spells.
Your spell library was empty.

Dungeon Overview and Level Annotations

Branches:
Dungeon (3/12)

Altars:


Innate Abilities, Weirdness & Mutations

You reflexively headbutt those who attack you in melee.
You have a pair of horns on your head.


Message History

Found 122 bolts.
The bat hits you but does no damage. You block the bat's attack. x2
You barely miss the bat. The bat barely misses you.
The bat hits you but does no damage.
You miss the bat. Your headbutt misses the bat. The bat closely misses you.
The bat hits you but does no damage.
You slash the bat!
You kill the bat!
You hit the orc.
The orc is severely wounded.
The orc priest invokes the aid of Beogh against you.
Beogh smites you!
* * * LOW HITPOINT WARNING * * *
You block the orc's attack. The orc hits you with a +0 dagger.
* * * LOW HITPOINT WARNING * * *
Okay, then.
The orc priest mumbles some strange prayers to Beogh against you.
Beogh smites you!
You die...

#.# ##### #.# #.... .###
#.# #.### S....###.# #.#
#.......# #.# .#.#.##..#
#.#
......).S###############.#
#...owo.@.....(....##.#
####.####.######)#.##.#
#.# #.# #.#.##.#
#.####.######.#....#
##...)..##...)#)....#
.................รท.####.#
.#####..........#..## #.#
#.######...#...# #.# #.#
#..#####.###.###


You could see a worm, an orc priest, an adder and an orc.

Vanquished Creatures
  An adder (D:3)
  2 worms
  A dart slug (D:1)
  3 leopard geckos
  4 orcs (D:3)
  7 giant cockroaches
  5 hobgoblins
  8 jackals
  2 quokkas
  2 ball pythons
  5 bats
  3 frilled lizards
  4 goblins
  2 kobolds (D:2)
  5 rats
54 creatures vanquished.

Notes
Turn   | Place    | Note
-------+----------+-------------------------------------------
     0 | D:1      | Mrkan the Minotaur Fighter began the quest for the Orb.
     0 | D:1      | Reached XP level 1. HP: 19/19 MP: 0/0
   370 | D:1      | Reached XP level 2. HP: 23/27 MP: 1/1
  1041 | D:2      | Reached XP level 3. HP: 27/33 MP: 2/2
  1774 | D:3      | Reached XP level 4. HP: 30/41 MP: 3/3
  1932 | D:3      | Killed from afar by an orc priest

Skill      XL: |  1  2  3 |
---------------+----------+-----
Axes           | 3 4 |  4.2
Shields        | 4 |  4.3
Fighting       | 4 |  4.3
Armour         | |  3.6

Action                   |  1- 3 |  4- 6 || total
-------------------------+-------+-------++-------
Melee: War axe           |   111 |    15 ||   126
       Headbutt          |    11 |     2 ||    13
  Eat: Chunk             |     3 |       ||     3
Armor: Scale mail        |    55 |    12 ||    67
Dodge: Dodged            |    32 |     5 ||    37
Block: Shield            |    54 |    14 ||    68
